 Dungeon Crawl Stone Soup version 0.27.0-1-g7a08968 (webtiles) character file.

Game seed: 1861776089213644968

784 Orban the Cleaver (level 7, 0/93 HPs)
             Began as a Hill Orc Berserker on Aug 31, 2022.
             Was a Priest of Trog.
             Slain by an ogre (15 damage)
             ... on level 5 of the Dungeon.
             The game lasted 00:07:54 (3446 turns).

Orban the Cleaver (Hill Orc Berserker)              Turns: 3446, Time: 00:07:54

Health: 0/93       AC: 13    Str: 22    XL:     7   Next: 86%
Magic:  7/7        EV:  7    Int: 13    God:    Trog [***...]
Gold:   188        SH:  0    Dex: 10    Spells: 6/6 levels left

rFire    + . .     SeeInvis +   a - +0 hand axe
rCold    . . .     Faith    +   (no shield)
rNeg     . . .     Spirit   .   C - +0 plate armour
rPois    .         Reflect  .   (helmet restricted)
rElec    .         Harm     .   (no cloak)
rCorr    .         Rampage  .   r - +0 pair of gloves
Will     .....                  (no boots)
Stlth    ..........             w - amulet of faith
HPRegen  0.25/turn              d - +4 ring of slaying
MPRegen  0.10/turn              s - +6 ring of intelligence

@: berserking, very quick
A: beak, see invisible, fire resistance 1
a: Renounce Religion, Berserk, Trog's Hand


You were on level 5 of the Dungeon.
You worshipped Trog.
Trog was most pleased with you.
You visited 1 branch of the dungeon, and saw 5 of its levels.

You collected 188 gold pieces.

Inventory:

Hand Weapons
 a - a +0 hand axe (weapon)
Armour
 b - a +0 animal skin
 h - a +0 leather armour
 q - a +0 ring mail
 r - a +0 pair of gloves (worn)
 C - a +0 plate armour (worn)
Jewellery
 d - a +4 ring of slaying (left hand)
 s - a +6 ring of intelligence (right hand)
 w - an amulet of faith (around neck)
Wands
 i - a wand of acid (13)
 o - a wand of flame (19)
 v - a wand of digging (4)
Scrolls
 c - 4 scrolls of amnesia
 e - 2 scrolls of teleportation {unknown}
 k - a scroll of vulnerability {unknown}
 l - a scroll of enchant armour {unknown}
 t - a scroll of fear {unknown}
 u - a scroll of noise {unknown}
 x - a scroll of summoning {unknown}
 y - a scroll of identify
 A - a scroll of silence {unknown}
Potions
 f - a potion of haste
 g - a potion of magic
 j - 2 potions of curing {unknown}
 m - a potion of flight {unknown}
 n - a potion of resistance {unknown}
 p - a potion of brilliance {unknown}
 z - a potion of cancellation {unknown}
 B - 2 potions of degeneration {unknown}


   Skills:
 + Level 5.8 Fighting
 + Level 8.1 Axes
 + Level 5.1 Armour
 + Level 2.6 Dodging
 + Level 1.1 Stealth


You had 6 spell levels left.
You didn't know any spells.
Your spell library was empty.

Dungeon Overview and Level Annotations

Branches:
Dungeon (5/15)             Temple (0/1) D:5

Altars:
Vehumet

Shops:
D:1 (


Innate Abilities, Weirdness & Mutations

You have a beak for a mouth.
You have supernaturally acute eyesight. (SInv)
Your flesh is heat resistant. (rF+)


Message History

You hit the orc priest but do no damage.
The orc priest threatens, "By the altar or by the axe, you will meet Beogh!"
The orc priest is severely wounded.
The orc priest shouts, "Beogh is our master!
Accept the truth or die!"
The orc priest hits you but does no damage.
You barely miss the orc priest.
The orc priest is heavily wounded.
The orc priest barely misses you.
You hit the orc priest.
The orc priest is almost dead.
You closely miss the orc priest. You peck the orc priest.
You kill the orc priest!
Trog accepts your kill.
Your Axes skill increases to level 8!
No target in view!
No target in view!
Found a plate armour.
You now have 188 gold pieces (gained 4).
An ogre comes into view. It is wielding a +0 giant club.
The ogre shouts!
Found 12 bolts.
You open the door.
Found a staircase to the Ecumenical Temple.
An adder comes into view.
The adder hisses angrily.
You slash the ogre!
The ogre is moderately wounded.
The ogre hits you with a +0 giant club!!
You slash the ogre!
The ogre is severely wounded.
The ogre hits you with a +0 giant club!
* * * LOW HITPOINT WARNING * * *
You hit the ogre but do no damage. You peck the ogre.
The ogre is almost dead.
You closely miss the adder. The adder completely misses you.
The adder bites you but does no damage.
A red film seems to cover your vision as you go berserk!
You feel yourself moving faster!
You feel mighty! The ogre hits you with a +0 giant club!
You die...

#... #.....# .... .
+..>..+.....# .. #.....#....#
.. #.....#.[..# #. .... #....#
####.###'###....##
.......S..........
#.(...O@......### ###
###...........###....
#..................
..........#.##..####..#..###
.......................)..##
.........#............#.....(.
.....................<........
.....#..###..######.#........
#..(..# #.# #...#....##..


You could see an ogre and an adder.

Vanquished Creatures
  An ogre (D:4)
  The ghost of doot the Gusty, an amateur TeAE (D:4)
  2 scorpions (D:4)
  A water moccasin skeleton (D:5)
  2 orc priests
  A hound (D:4)
  A centaur skeleton (D:5)
  Natasha (thrice) (D:3)
  3 iguanas
  2 orc wizards (D:5)
  A hound skeleton (D:4)
  4 adders
  A howler monkey skeleton (D:4)
  An adder skeleton (D:4)
  2 worms (D:3)
  A dart slug (D:1)
  13 orcs
  4 bats
  10 endoplasms
  4 giant cockroaches
  2 goblins
  7 hobgoblins
  2 quokkas
  2 ball pythons
  4 frilled lizards
  9 kobolds
  3 rats
87 creatures vanquished.

Notes
Turn   | Place    | Note
-------+----------+-------------------------------------------
     0 | D:1      | Orban the Hill Orc Berserker began the quest for the Orb.
     0 | D:1      | Reached XP level 1. HP: 19/19 MP: 1/1
    55 | D:1      | Found Hanivas's Weapon Shop.
   275 | D:1      | Reached XP level 2. HP: 24/27 MP: 2/2
   343 | D:1      | Found a faded altar of an unknown god.
   963 | D:2      | Reached ** piety under Trog
   964 | D:2      | Reached XP level 3. HP: 33/33 MP: 3/3
   981 | D:2      | Gained mutation: You have sharp toenails. [potion of
                  | mutation]
  1401 | D:3      | Found a radiant altar of Vehumet.
  1493 | D:3      | Reached skill level 5 in Axes
  1493 | D:3      | Reached XP level 4. HP: 28/41 MP: 4/4
  1683 | D:3      | Noticed Natasha
  1689 | D:3      | Killed Natasha
  1748 | D:3      | Noticed Natasha
  1755 | D:3      | Killed Natasha
  1756 | D:3      | Reached XP level 5. HP: 37/47 MP: 5/5
  1791 | D:3      | Noticed Natasha
  1797 | D:3      | Killed Natasha
  1798 | D:3      | Reached skill level 6 in Axes
  2314 | D:4      | Reached skill level 5 in Fighting
  2314 | D:4      | Reached XP level 6. HP: 55/56 MP: 6/6
  2410 | D:4      | Lost mutation: You have sharp toenails. [potion of
                  | mutation]
  2410 | D:4      | Gained mutation: You have a beak for a mouth. [potion of
                  | mutation]
  2410 | D:4      | Gained mutation: You do not regenerate when monsters are
                  | visible. [potion of mutation]
  2410 | D:4      | Gained mutation: You are robust. (+10% HP) [potion of
                  | mutation]
  2410 | D:4      | Gained mutation: You expend magic power (3 MP) to
                  | strengthen your wands. [potion of mutation]
  2580 | D:4      | Reached *** piety under Trog
  2686 | D:4      | Reached skill level 7 in Axes
  2686 | D:4      | Reached skill level 1 in Stealth
  2686 | D:4      | Reached XP level 7. HP: 43/67 MP: 7/7
  2824 | D:4      | Found a runed translucent door.
  2827 | D:4      | Noticed doot's ghost (amateur TeAE)
  2889 | D:4      | Killed doot's ghost
  3089 | D:4      | Lost mutation: You expend magic power (3 MP) to strengthen
                  | your wands. [potion of mutation]
  3089 | D:4      | Lost mutation: You are robust. (+10% HP) [potion of
                  | mutation]
  3089 | D:4      | Lost mutation: You do not regenerate when monsters are
                  | visible. [potion of mutation]
  3089 | D:4      | Gained mutation: You have supernaturally acute eyesight.
                  | (SInv) [potion of mutation]
  3089 | D:4      | Gained mutation: Your flesh is heat resistant. (rF+)
                  | [potion of mutation]
  3176 | D:5      | Entered Level 5 of the Dungeon
  3405 | D:5      | Reached skill level 5 in Armour
  3434 | D:5      | Reached skill level 8 in Axes
  3440 | D:5      | Found a staircase to the Ecumenical Temple.
  3446 | D:5      | Slain by an ogre

Illustrated notes

Levels and vault maps discovered:
D:1:      amcnicky_arrival_feature_with_door, layout_rooms, serial_shops,
          shop_statue, hellmonk_ecumenical_altar_lost_god, minmay_pentomino_w2
D:2:      layout_basic
D:3:      layout_basic, vehumet_altar_wand_db, uniq_natasha
D:4:      minmay_evil_eye, layout_rooms, hellmonk_ghost_happy_afterlife
D:5:      layout_rooms, temple_green

Skill      XL: |  1  2  3  4  5  6  7 |
---------------+----------------------+-----
Dodging        | 2 |  2.6
Fighting       | 4 5 |  5.8
Axes           | 5 6 7 8 |  8.1
Armour         | 3 4 5 |  5.1
Stealth        | 1 |  1.1

Action                   |  1- 3 |  4- 6 |  7- 9 || total
-------------------------+-------+-------+-------++-------
Melee: Hand axe          |    65 |    85 |    58 ||   208
       Kick              |     8 |    20 |       ||    28
       Peck              |       |     5 |    12 ||    17
Invok: Berserk           |       |     1 |     2 ||     3
  Use: Scroll            |     3 |     1 |       ||     4
       Potion            |     1 |     1 |     1 ||     3
Armor: Animal skin       |     1 |       |       ||     1
       Leather armour    |    15 |       |       ||    15
       Ring mail         |       |    26 |     5 ||    31
       Plate armour      |       |       |    15 ||    15
Dodge: Dodged            |    30 |    36 |    22 ||    88
